 Dungeon Crawl Stone Soup version 0.28.0 (webtiles) character file.

Game seed: 2586426070606748585

725 SnakkuSnakku7 the Slasher (level 7, -3/35 HPs)
             Began as a Vine Stalker Delver on Feb 17, 2022.
             Slain by Eustachio (9 damage)
             ... on level 6 of the Dungeon.
             The game lasted 00:10:08 (4786 turns).

SnakkuSnakku7 the Slasher (Vine Stalker Delver)     Turns: 4786, Time: 00:10:08

Health: -3/35      AC:  4    Str: 17      XL:     7   Next: 72%
Magic:  0/8        EV: 11    Int: 10      God:
Gold:   256        SH:  3    Dex: 11 (15) Spells: 6/6 levels left

rFire   . . .      SeeInvis .   a - +0 falchion
rCold   + . .      Faith    .   q - +0 buckler
rNeg    . . .      Spirit   +   b - +0 leather armour
rPois   .          Reflect  .   o - +1 hat
rElec   .          Harm     .   (no cloak)
rCorr   .          Rampage  .   (no gloves)
Will    .....                   (no boots)
Stlth   +++.......              (no amulet)
HPRegen 0.91/turn               r - ring of protection from cold
MPRegen 0.11/turn               (no ring)

@: no status effects
A: fangs 2, regeneration 1, magic shield, antimagic bite, no potion heal 2
a: no special abilities


You were on level 6 of the Dungeon.
You visited 1 branch of the dungeon, and saw 7 of its levels.

You collected 286 gold pieces.
You spent 30 gold pieces at shops.

Inventory:

Hand Weapons
 a - a +0 falchion (weapon)
Missiles
 n - 4 silver boomerangs (quivered)
Armour
 b - a +0 leather armour (worn)
 o - a +1 hat (worn)
 q - a +0 buckler (worn)
Jewellery
 h - a ring of ice
 r - a ring of protection from cold (left hand)
Wands
 g - a wand of digging (8)
Scrolls
 c - 2 scrolls of fog
 e - a scroll of torment {unknown}
 i - a scroll of identify {unknown}
 l - a scroll of holy word {unknown}
 p - 2 scrolls of amnesia {unknown}
 t - a scroll of brand weapon {unknown}
 v - 2 scrolls of teleportation
 x - a scroll of immolation {unknown}
Potions
 d - 2 potions of curing {unknown}
 f - a potion of haste
 j - a potion of brilliance {unknown}
 k - 2 potions of degeneration {unknown}
 m - a potion of resistance {unknown}
 s - 3 potions of lignification {unknown}
 u - a potion of attraction {unknown}
 w - a potion of might {unknown}


   Skills:
 - Level 2.6 Fighting
 + Level 6.5 Long Blades
 - Level 4.0 Throwing
 - Level 1.5 Dodging
 - Level 6.0 Stealth


You had 6 spell levels left.
You didn't know any spells.
Your spell library contained the following spells:

 Spells                   Type           Power      Damage    Failure   Level
 Magic Dart               Conj           0%         1d3       54%         1
 Call Imp                 Summ           0%         N/A       67%         2
 Mephitic Cloud           Conj/Pois/Air  0%         N/A       88%         3


Dungeon Overview and Level Annotations

Branches:
Dungeon (7/15)
 Temple: D:4-7

Altars:
Vehumet
The Shining One

Shops:
D:2 ?   D:4 [

Annotations:
D:5 exclusions: orc and water moccasin, Edmund
D:6 exclusion: zombie, Eustachio


Innate Abilities, Weirdness & Mutations

You have extremely sharp teeth.
Your natural rate of healing is unusually fast.
When hurt, damage is shared between your health and your magic reserves.
Your bite disrupts and absorbs the magic of your enemies.
Potions cannot restore your health.


Message History

The quasit bites you but does no damage.
The quasit closely misses you. The quasit barely misses you.
The bat hits you but does no damage.
The crimson imp blinks!
The quasit bites you but does no damage.
The quasit misses you.
The quasit claws you but does no damage.
Eustachio misses you. The bat hits you but does no damage.
Unknown command.
You miss Eustachio. Your bite misses Eustachio.
Eustachio is almost dead.
The bat barely misses you. The bat closely misses you. x2
The quasit closely misses you.
The quasit claws you but does no damage. x2
The quasit closely misses you.
The quasit claws you but does no damage.
The quasit barely misses you. Eustachio hits you with a +0 rapier.
Unknown command.
You barely miss Eustachio.
Eustachio is almost dead.
The bat hits you. The bat hits you but does no damage. x2
The quasit barely misses you. The quasit misses you. The quasit claws you.
The quasit bites you but does no damage.
The quasit claws you but does no damage. x2
The bat hits you. Eustachio hits you with a +0 rapier.
* * * LOW HITPOINT WARNING * * *
The quasit bites you but does no damage.
The quasit claws you but does no damage.
The quasit barely misses you.
Unknown command.
Unknown command.
You barely miss Eustachio. Your bite misses Eustachio.
Eustachio is almost dead.
The bat hits you. The bat barely misses you. The quasit bites you.
* * * LOW HITPOINT WARNING * * *
You feel clumsy. The quasit barely misses you. The quasit closely misses you.
The quasit misses you.
The quasit claws you but does no damage.
The quasit closely misses you. Eustachio hits you with a +0 rapier!
You die...

# # .. ... ..#
..#.######.###.#
.......$ ...##.#
.......# #..##.# #
#.#.##.# #..##.# ##.#
#.#.##.###..##.#
.....####.#.#..........#
#.55b5.#.#..###..##.#
#.b@@b.b[.........#..
#.#########...#...###
###.......# #.......#
#........ ###...##.
#...# . #.### ..


You could see Eustachio (magic disrupted), 2 quasits, a crimson imp (summoned)
and 4 bats.

Vanquished Creatures
  An ogre (D:3)
  2 phantoms
  A gnoll sergeant (D:5)
  A bullfrog (D:6)
  2 scorpions
  A hound (D:4)
  A bullfrog skeleton (D:5)
  2 jellies (D:5)
  3 gnolls (D:5)
  3 adders
  2 worms
  3 dart slugs
  8 orcs
  2 endoplasms
  6 giant cockroaches
  7 goblins
  A hobgoblin (D:2)
  3 jackals (D:1)
  A quokka (D:4)
  9 ball pythons
  3 bats (D:1)
  5 frilled lizards
  7 kobolds
  5 rats
79 creatures vanquished.

Vanquished Creatures (others)
  21 plants (D:3)
21 creatures vanquished.

Grand Total: 100 creatures vanquished

Notes
Turn   | Place    | Note
-------+----------+-------------------------------------------
     0 | D:5      | SnakkuSnakku7 the Vine Stalker Delver began the quest for
                  | the Orb.
     0 | D:5      | Reached XP level 1. HP: 11/11 MP: 2/2
   523 | D:1      | Reached XP level 2. HP: 11/16 MP: 3/3
   940 | D:1      | Reached XP level 3. HP: 17/19 MP: 4/4
  1658 | D:2      | Found Den Ruy's Magic Scroll Boutique.
  2408 | D:2      | Bought a scroll of teleportation for 30 gold pieces
  2475 | D:3      | Gained mutation: Your natural rate of healing is unusually
                  | fast. [Vine Stalker growth]
  2475 | D:3      | Reached XP level 4. HP: 23/23 MP: 5/5
  2495 | D:3      | Noticed an ogre
  2590 | D:3      | Reached skill level 1 in Throwing
  2857 | D:3      | Killed an ogre
  2858 | D:3      | Reached XP level 5. HP: 27/27 MP: 6/6
  3202 | D:4      | Noticed a phantom
  3227 | D:4      | Killed a phantom
  3228 | D:4      | Reached XP level 6. HP: 25/32 MP: 4/7
  3298 | D:4      | Found Poczoxt's Antique Armour Shop.
  3421 | D:4      | You fall into a shaft and drop 3 floors!
  3457 | D:6      | Found a radiant altar of Vehumet.
  3475 | D:6      | Found a glowing golden altar of the Shining One.
  3570 | D:5      | Reached skill level 5 in Long Blades
  4047 | D:5      | Noticed a water moccasin
  4156 | D:5      | Reached XP level 7. HP: 27/35 MP: 3/8
  4335 | D:5      | Noticed Edmund
  4721 | D:6      | Noticed Eustachio
  4786 | D:6      | Slain by Eustachio

Illustrated notes

Levels and vault maps discovered:
D:1:      dpeg_arrival_boxorama, layout_basic
D:2:      layout_basic, serial_shops, shop
D:3:      layout_loops_cross, serial_bayou, serial_bayou_ford_a,
          serial_bayou_pond_b, serial_bayou_lagoon_a, serial_bayou_crossing
D:4:      layout_rooms, serial_shops, shop
D:5:      layout_basic, uniq_edmund
D:6:      layout_loops_ring, mainiacjoe_overflow_surrounded_room,
          vehumet_crystals, serial_shops, nicolae_inconvenience_store,
          uniq_eustachio, uniq_duvessa, uniq_prince_ribbit1
D:7:      layout_gridville, tgw_kikubaaqudgha, nicolae_sif_muna_condensation,
          minmay_overflow_temple_star_hex, temple_green, uniq_maggie

Skill      XL: |  1  2  3  4  5  6  7 |
---------------+----------------------+-----
Long Blades    | 2 3 4 5 6 |  6.5
Throwing       | 2 4 |  4.0
Fighting       | |  2.6
Dodging        | |  1.5
Stealth        | |  6.0

Action                   |  1- 3 |  4- 6 |  7- 9 || total
-------------------------+-------+-------+-------++-------
Melee: Falchion          |    72 |   118 |    39 ||   229
       Bite              |    15 |    39 |    11 ||    65
       Punch             |     2 |       |       ||     2
Throw: Dart              |     8 |    17 |     4 ||    29
       Boomerang         |       |     1 |    11 ||    12
  Use: Scroll            |     2 |     3 |     1 ||     6
 Stab: Sleeping          |    14 |     5 |     1 ||    20
       Distracted        |     1 |       |       ||     1
Armor: Leather armour    |    14 |    22 |    69 ||   105
Dodge: Dodged            |    24 |    66 |    95 ||   185
Block: Buckler           |       |       |    14 ||    14
